 Dungeon Crawl Stone Soup version 0.31-a0-507-gbafd7f5274 (webtiles) character file.

Game seed: 7772936188491760911

8393 Newt the Mimic (level 11, -1/89 HPs)
             Began as a Red Draconian Shapeshifter on Aug 9, 2023.
             Was a Priest of the Shining One.
             Slain by a two-headed ogre
             ... wielding a +0 dire flail
              (8 damage)
             ... on level 10 of the Dungeon.
             The game lasted 00:10:00 (9958 turns).

Newt the Mimic (Red Draconian Shapeshifter)         Turns: 9958, Time: 00:10:01

Health: -1/89      AC: 11    Str: 21    XL:     11   Next: 9%
Magic:  11/11      EV: 12    Int:  8    God:    the Shining One [***...]
Gold:   612        SH:  6    Dex: 11    Spells: 10/10 levels left

rFire   + . .        p - +8 hammer "Suoz Zadd" {heavy, rN+ rCorr Str-2}
rCold   . . .        f - +1 buckler
rNeg    + + .        (body armour unavailable)
rPois   .            (helmet currently unavailable)
rElec   .            (cloak currently unavailable)
rCorr   +            (gloves currently unavailable)
SInv    .            (boots currently unavailable)
Will    .....        (no amulet)
Stlth   +            i - +4 ring of protection
HPRegen 0.34/turn    v - ring of resist corrosion
MPRegen 0.12/turn

%: no passive effects
@: beast-form, glowing
A: beast (slay +4), breathe fire, AC +7, unfitting armour, fire resistance 1,
cold-blooded
a: Breathe Fire, Begin Untransformation, Renounce Religion, Divine Shield,
Cleansing Flame


You were on level 10 of the Dungeon.
You worshipped the Shining One.
The Shining One was most pleased with you.
You were a hulking beast.
You visited 1 branch of the dungeon, and saw 10 of its levels.

You collected 612 gold pieces.

Inventory:

Hand Weapons
 g - a +0 club
 k - a +0 whip
 n - the +1 long sword "Feasoidd" {speed, rN+ Will++ Str-4}
   (You took it off a hobgoblin on level 4 of the Dungeon)

   Str-4:     It affects your strength (-4).
   rN+:       It protects you from negative energy.
   Will++:    It greatly increases your willpower.
 p - the +8 hammer "Suoz Zadd" (weapon) {heavy, rN+ rCorr Str-2}
   (You found it on level 7 of the Dungeon)

   Str-2:     It affects your strength (-2).
   rN+:       It protects you from negative energy.
   rCorr:     It protects you from acid and corrosion.
 q - a +3 whip of venom
 u - a +2 whip of holy wrath
 H - a +0 demon whip of venom
Missiles
 o - 12 boomerangs
 r - 6 javelins
 C - a throwing net
Armour
 f - a +1 buckler (worn)
 D - the +0 hat "Zeorats" {Drain rElec Will+}
   (You found it on level 7 of the Dungeon)

   rElec:     It insulates you from electricity.
   Will+:     It increases your willpower.
   Drain:     It drains your maximum health when unequipped.
Jewellery
 i - a +4 ring of protection (left hand)
 s - a ring of fire
 v - a ring of resist corrosion (right hand)
 x - a ring of poison resistance
 L - a ring of protection from cold
Talismans
 b - a beast talisman (active)
 c - a flux talisman
Wands
 m - a wand of flame (17)
 t - a wand of mindburst (7)
 F - a wand of roots (11)
Scrolls
 d - 2 scrolls of noise
 y - 2 scrolls of revelation
 z - a scroll of enchant armour
 A - a scroll of teleportation
 K - a scroll of fog
Potions
 a - 4 potions of lignification
 e - 6 potions of curing
 h - 2 potions of brilliance
 j - a potion of enlightenment
 l - 2 potions of mutation
 w - a potion of magic
 B - a potion of might
 E - a potion of degeneration
 G - a potion of cancellation
 J - a potion of heal wounds {unknown}


   Skills:
 - Level 6.0 Fighting
 - Level 10.0 Maces & Flails
 - Level 3.0 Dodging
 - Level 5.0 Shields
 - Level 3.0 Unarmed Combat
 + Level 10.3 Shapeshifting


You had 10 spell levels left.
You didn't know any spells.
Your spell library contained the following spells:

 Spells                   Type           Power      Damage    Failure   Level
 Blink                    Tloc           0%         N/A       61%         2
 Lesser Beckoning         Tloc           0%         N/A       61%         2
 Momentum Strike          Conj/Tloc      0%         3d8       61%         2
 Gell's Gravitas          Tloc           0%         N/A       83%         3
 Iskenderun's Mystic Bla  Conj/Tloc      0%         2d3       99%         4
 Passage of Golubria      Tloc           0%         N/A       99%         4
 Conjure Ball Lightning   Conj/Air       0%         3x3d6     100%        6
 Discord                  Hex            0%         N/A       100%        8
 Disjunction              Tloc           0%         N/A       100%        8


Dungeon Overview and Level Annotations

Branches:
Dungeon (10/15)            Temple (0/1) D:6            Lair (0/5) D:9
    Orc: D:9-12

Altars:
Dithmenos
Okawaru
Uskayaw
Yredelemnul
The Shining One

Shops:
D:2 *


Innate Abilities, Weirdness & Mutations

You are a hulking beast.
Your limbs bulge with bestial killing power. (Slay +4)
You can breathe blasts of fire.
Your fiery red scales are hard. (AC +7)
You cannot fit into any form of body armour.
Your flesh is heat resistant. (rF+)
You are cold-blooded and may be slowed by cold attacks.


Message History

Things that are here:
a +0 short sword; a +0 chain mail You now have 612 gold pieces (gained 10).
a - 4 potions of lignification (gained 1)
Found a robe.
Found a stone staircase leading up.
A vampire comes into view.
A two-headed ogre comes into view.
It is wielding a +0 dire flail and a +0 giant club.
There are monsters nearby!
There are monsters nearby!
Found two stone staircases leading down.
The two-headed ogre shouts in stereo!
You bludgeon the vampire!!
You tail-slap the vampire, but do no damage.
The vampire is heavily damaged.
The vampire casts a spell.
The vampire flickers and vanishes for a moment.
You thump the two-headed ogre! You tail-slap the two-headed ogre.
The two-headed ogre is moderately wounded.
The two-headed ogre hits you with a +0 dire flail!
The two-headed ogre completely misses you.
You bludgeon the two-headed ogre!!
The two-headed ogre is severely wounded.
The two-headed ogre hits you with a +0 dire flail!!
The two-headed ogre hits you with a +0 giant club!
You hit the two-headed ogre but do no damage.
The two-headed ogre is severely wounded.
The two-headed ogre hits you with a +0 dire flail.
The two-headed ogre hits you with a +0 giant club!!
* * * LOW HITPOINT WARNING * * *
Unknown command.
You sock the two-headed ogre! You tail-slap the two-headed ogre.
The two-headed ogre is almost dead.
You block the two-headed ogre's attack.
The two-headed ogre hits you with a +0 giant club!
* * * LOW HITPOINT WARNING * * *
Unknown command.
You hit the two-headed ogre.
The two-headed ogre is almost dead.
The two-headed ogre hits you with a +0 dire flail!
You die...

###..###. ##.......>
##........> .
####..####...# ..
#....O# .# .... #....V#
.##.... #.....# .....
#.....####..#
#.....#VOh..#
#.......###.##
#.....##....... #.....#
#.#.### #.....# #.#.#
#.....###...# ......
####........# ......
#........########......
######.#.##............


You could see a two-headed ogre and a vampire (invisible).

Vanquished Creatures
  3 two-headed ogres
  Amaemon (D:9)
  A cyclops (D:8)
  A gargoyle (D:10)
  An orange demon (D:9)
  A troll (D:10)
  A shadow (D:6)
  A wyvern (D:8)
  A wraith (D:10)
  Grum (D:10)
  An acid dragon (D:8)
  3 orc warriors
  3 water moccasins (D:7)
  2 ice beasts
  A sky beast (D:8)
  2 black bears (D:6)
  An ogre (D:7)
  2 wolves
  3 centaurs
  2 phantoms (D:6)
  2 kobold brigands
  2 gnoll sergeants
  2 scorpions
  5 bullfrogs
  4 killer bees (D:9)
  5 howler monkeys
  2 gnoll boudas
  5 hounds
  3 jellies
  Crazy Yiuf (D:7)
  2 bullfrog skeletons (D:4)
  4 orc priests
  2 sleepcaps
  Ijyb (D:3)
  3 iguanas
  Natasha (thrice) (D:2)
  11 orc wizards
  2 hound skeletons (D:4)
  A howler monkey zombie (D:4)
  25 gnolls
  9 adders
  2 shadow imps
  3 white imps
  An ufetubus (D:5)
  2 adder zombies (D:4)
  An adder skeleton (D:4)
  4 worms (D:2)
  2 dart slugs
  38 orcs
  6 endoplasms
  2 giant cockroaches
  6 goblins
  4 hobgoblins
  2 jackals (D:2)
  14 kobolds
  4 quokkas
  4 ball pythons
  A bat (D:1)
  3 frilled lizards (D:1)
  A quokka zombie (D:4)
  4 rats
230 creatures vanquished.

Notes
Turn   | Place    | Note
-------+----------+-------------------------------------------
     0 | D:1      | Newt the Draconian Shapeshifter began the quest for the
                  | Orb.
     0 | D:1      | Reached XP level 1. HP: 16/16 MP: 1/1
   446 | D:1      | Reached XP level 2. HP: 25/25 MP: 2/2
  1077 | D:2      | Reached XP level 3. HP: 31/31 MP: 3/3
  1115 | D:2      | Noticed Natasha
  1139 | D:2      | Killed Natasha
  1185 | D:2      | Noticed Natasha
  1198 | D:2      | Killed Natasha
  1199 | D:2      | Reached XP level 4. HP: 28/38 MP: 4/4
  1291 | D:2      | Found Zuitwuru's Assorted Antiques.
  1413 | D:2      | Noticed Natasha
  1428 | D:2      | Killed Natasha
  1599 | D:2      | Found a faded altar of an unknown god.
  1867 | D:3      | Reached XP level 5. HP: 38/45 MP: 5/5
  1949 | D:3      | Got the Vellum of Orientation
  1977 | D:3      | Noticed Ijyb
  1985 | D:3      | Killed Ijyb
  2146 | D:3      | Reached skill level 5 in Shapeshifting
  2519 | D:4      | Found a glowing golden altar of the Shining One.
  2522 | D:4      | Found a basalt altar of Yredelemnul.
  2525 | D:4      | Found an iron altar of Okawaru.
  2541 | D:4      | Found a shadowy altar of Dithmenos.
  2548 | D:4      | Became a worshipper of the Shining One
  2683 | D:4      | Identified the +1 long sword "Feasoidd" {speed, rN+ Will++
                  | Str-4}
  2730 | D:4      | Reached XP level 6. HP: 48/51 MP: 6/6
  3124 | D:4      | Reached * piety under the Shining One
  3125 | D:4      | Reached skill level 1 in Maces & Flails
  3469 | D:5      | Entered Level 5 of the Dungeon
  3487 | D:5      | Your scales start taking on a fiery red colour.
  3487 | D:5      | Reached XP level 7. HP: 51/57 MP: 7/7
  3487 | D:5      | Gained mutation: Your flesh is heat resistant. (rF+) [Red
                  | Draconian growth]
  3848 | D:5      | Reached skill level 5 in Maces & Flails
  4407 | D:6      | Reached skill level 1 in Shields
  4524 | D:6      | Reached XP level 8. HP: 63/63 MP: 8/8
  4726 | D:6      | Found a staircase to the Ecumenical Temple.
  4931 | D:6      | Reached ** piety under the Shining One
  4946 | D:6      | Reached skill level 5 in Shields
  5129 | D:6      | Noticed a two-headed ogre
  5150 | D:6      | Reached skill level 5 in Fighting
  5178 | D:6      | Killed a two-headed ogre
  5179 | D:6      | Reached XP level 9. HP: 18/75 MP: 9/9
  6334 | D:7      | Found a runed translucent door.
  6335 | D:7      | Noticed Crazy Yiuf
  6340 | D:7      | Killed Crazy Yiuf
  6344 | D:7      | Identified the +8 hammer "Suoz Zadd" {heavy, rN+ rCorr
                  | Str-2}
  6505 | D:7      | Identified the +13 chain mail of Goiwoda {Int+3}
  6713 | D:7      | Identified the +0 hat "Zeorats" {Drain rElec Will+}
  7507 | D:8      | Noticed a cyclops
  7519 | D:8      | Reached XP level 10. HP: 54/83 MP: 10/10
  7527 | D:8      | Killed a cyclops
  8150 | D:9      | Noticed a two-headed ogre
  8156 | D:9      | HP: 3/83 [two-headed ogre/+0 giant spiked club (4)]
  8404 | D:8      | Killed a two-headed ogre
  8545 | D:9      | Noticed a two-headed ogre
  8555 | D:8      | Killed a two-headed ogre
  8981 | D:9      | Found a staircase to the Lair.
  9021 | D:9      | Reached skill level 10 in Maces & Flails
  9127 | D:9      | Noticed Amaemon
  9129 | D:9      | Noticed an orange demon
  9136 | D:9      | Killed Amaemon
  9136 | D:9      | Reached *** piety under the Shining One
  9144 | D:9      | Killed an orange demon
  9348 | D:9      | Noticed a +0 hand axe
  9348 | D:9      | Noticed a +0 hand axe
  9354 | D:9      | Found a hide-covered altar of Uskayaw.
  9631 | D:10     | Entered Level 10 of the Dungeon
  9631 | D:10     | Noticed Grum
  9640 | D:10     | Reached skill level 10 in Shapeshifting
  9640 | D:10     | Reached XP level 11. HP: 38/89 MP: 11/11
  9795 | D:10     | Killed Grum
  9937 | D:10     | Noticed a two-headed ogre
  9958 | D:10     | Slain by a two-headed ogre

Illustrated notes

Levels and vault maps discovered:
D:1:      kilobyte_arrival_exit_the_forest, layout_basic
D:2:      layout_basic, serial_shops, nicolae_shop_hallway_stairs,
          hellmonk_ecumenical_altar_crossroads, uniq_natasha
D:3:      layout_basic, grunt_ministairs_12, minmay_misc_feat_tower, uniq_ijyb
D:4:      layout_cave_pods, grunt_temple_overflow_cloverleaf, serial_undead,
          serial_undead_c, serial_undead_d, serial_undead_e, serial_undead_b,
          glass_columns_a
D:5:      layout_gridville
D:6:      minmay_chambers_of_sixes, layout_basic,
          minmay_temple_entry_statues_pillars, st_stairs_7, grunt_ministairs_9
D:7:      layout_loops_ring, uniq_crazy_yiuf_cottage
D:8:      layout_loops_ring, minmay_sticks_and_stones
D:9:      layout_cave_pools, dancing_weapons_uskayaw, lair_entry_dummy,
          uniq_amaemon
D:10:     layout_rooms, orc_0_dummy, uniq_grum, uniq_josephine, uniq_psyche,
          uniq_nergalle

Skill      XL: |  1  2  3  4  5  6  7  8  9 10 |
---------------+-------------------------------+-----
Fighting       | 2 3 6 |  6.0
Shapeshifting  | 4 5 6 8 10 | 10.3
Maces & Flails | 2 5 7 10 | 10.0
Dodging        | 3 |  3.0
Shields        | 2 5 |  5.0
Unarmed Combat | |  3.0

Action                     |  1- 3 |  4- 6 |  7- 9 | 10-12 || total
---------------------------+-------+-------+-------+-------++-------
  Melee: Unarmed           |    14 |       |       |       ||    14
         Club              |    13 |       |       |       ||    13
         Tailslap          |     9 |    30 |    39 |    29 ||   107
         Whip              |    44 |   159 |   186 |       ||   389
         Long sword        |       |    22 |       |       ||    22
         Mace              |       |       |    58 |   136 ||   194
Ability: Breathe Fire      |       |       |     4 |     1 ||     5
    Use: Scroll            |     3 |     8 |     4 |     5 ||    20
         Potion            |       |       |     2 |     2 ||     4
 Armour: Skin              |    19 |    86 |    85 |    94 ||   284
  Dodge: Dodged            |    30 |   128 |   129 |   126 ||   413
  Block: Buckler           |     6 |    47 |    59 |    69 ||   181

Table legend: (Time is in decaauts)
 A = Elapsed time spent in this place.
 B = Non-inter-level travel time spent in this place.
 C = Inter-level travel time spent in this place.
 D = Time resting spent in this place.
 E = Time spent auto-exploring this place.
 F = Levels seen in this place.
 G = Mean time per level.
                   A        B        C        D        E       F      G
               +--------+--------+--------+--------+--------+-----+--------+
         Total |  10069 |   9626 |    443 |   1676 |   6477 |  10 | 1006.9 |
       Dungeon |  10069 |   9626 |    443 |   1676 |   6477 |  10 | 1006.9 |
               +--------+--------+--------+--------+--------+-----+--------+

Top non-repeatable levels by time:
     D:8: 1957 daAuts
     D:6: 1703 daAuts
     D:9: 1025 daAuts
     D:4: 1010 daAuts
     D:2: 992 daAuts
     D:1: 888 daAuts
     D:5: 856 daAuts
     D:7: 814 daAuts
     D:3: 626 daAuts
    D:10: 193 daAuts
